 Dungeon Crawl Stone Soup version 0.13.0-11-g0187522 (webtiles) character file.

9360 Deemzul the Black Belt (level 11, -1/78 HPs)
             Began as a Demonspawn Monk on Oct 18, 2013.
             Was a High Priest of Okawaru.
             Shot with a poisoned arrow of flame by Nessos (27 damage)
             ... on Level 11 of the Dungeon.
             The game lasted 00:31:26 (9382 turns).

Deemzul the Black Belt (Demonspawn Monk)            Turns: 9382, Time: 00:31:27

HP  -1/78        AC  7     Str 12      XL: 11   Next: 15%
MP   0/10        EV 11     Int 12      God: Okawaru [*****.]
Gold 477         SH  8     Dex 18      Spells:  0 memorised, 10 levels left

Res.Fire  : . . .   See Invis. : +     - Unarmed
Res.Cold  : . . .   Warding    : .   P - +0 troll hide
Life Prot.: . . .   Conserve   : .   E - +0 orc buckler
Res.Poison: +       Res.Corr.  : .   q - +2 cap {SInv}
Res.Elec. : .       Clarity    : .   c - +0 cloak
Sust.Abil.: . .     Spirit.Shd : +   (no gloves)
Res.Mut.  : .       Stasis     : .   (no boots)
Res.Rott. : +       Flight     : .   (no amulet)
Saprovore : + . .                    Q - ring of protection from magic
                                     f - cursed ring of poison resistance

@: slow, quite resistant to hostile enchantments, fairly stealthy
A: beak, claws 2, foul stench 1, saprovore 1, slowness 1, slow metabolism 1,
magic shield, AC +2
a: Heroism, Finesse, Renounce Religion


You were on level 11 of the Dungeon.
You worshipped Okawaru.
Okawaru was extremely pleased with you.
You were not hungry.

You visited 3 branches of the dungeon, and saw 13 of its levels.

You collected 477 gold pieces.

Inventory:

Hand weapons
 M - a +0 orcish blowgun
Armour
 c - a +0 cloak (worn)
 q - a +2 cap of see invisible (worn)
 A - a +0 robe
 E - a +0 orcish buckler (worn)
 G - a +1 elven scale mail
 P - a +0 troll hide (worn)
 T - a +0 leather armour of poison resistance
Magical devices
 h - a wand of magic darts (8)
 m - a wand of flame (4)
 t - a wand of slowing (11) {unknown}
 w - a wand of teleportation (5)
 C - a wand of cold (1)
 L - a wand of invisibility (9)
Comestibles
 a - 3 meat rations
 b - 4 bread rations
 n - a lychee
 s - a pear
 v - 2 chokos
 J - 2 apples
Scrolls
 e - a scroll of noise {unknown}
 i - a scroll of random uselessness
 k - a scroll of magic mapping
 l - 3 scrolls of remove curse
 r - 2 scrolls of enchant weapon II
 F - a scroll of curse jewellery
 R - a scroll of amnesia
Jewellery
 f - a cursed ring of poison resistance (left claw)
 g - an uncursed ring of see invisible
 y - an uncursed ring of wizardry
 Q - a ring of protection from magic (right claw)
Potions
 d - 2 potions of restore abilities
 j - a potion of speed
 u - 2 potions of heal wounds
 z - 2 potions of poison
 B - 5 potions of curing
 I - a potion of agility
 K - 2 potions of might
 N - a potion of slowing


   Skills:
 - Level 3.0 Fighting
 + Level 3.7 Armour
 - Level 2.6 Dodging
 - Level 1.7 Stealth
 * Level 15.1 Unarmed Combat


You had 10 spell levels left.
You didn't know any spells.

Dungeon Overview and Level Annotations

Branches:
Dungeon (11/27)            Temple (1/1) D:4             Orc (1/4) D:6
   Lair (0/8) D:10

Altars:
Ashenzari
Elyvilon
Fedhas
Kikubaaqudgha
Makhleb
Nemelex Xobeh
Okawaru
Sif Muna
Trog
Vehumet
Xom
Yredelemnul
Zin
the Shining One

Annotations:
D:11 Nessos


Innate Abilities, Weirdness & Mutations

You have very sharp fingernails.
You are mostly covered in rugged brown scales (AC +2, +5% HP).
You emit a foul stench, and are resistant to rotting and decay.
You can tolerate rotten meat.
When hurt, damage is shared between your health and your magic reserves.
You have a beak for a mouth.
You cover ground slowly.
You have a slow metabolism.


Message History

You start resting.
HP restored.
Nessos comes into view.
Nessos shouts!
Nessos wields a longbow of flame.
It bursts into flame!
Nessos shoots a poisoned arrow of flame.
The poisoned arrow of flame hits you!
You see here a poisoned arrow.
Nessos shoots a poisoned arrow of flame.
The poisoned arrow of flame misses you.
Nessos shoots a poisoned arrow of flame.
The poisoned arrow of flame hits you!
You see here a poisoned arrow.
Nessos is nearby!
Nessos is nearby!
Nessos shoots a poisoned arrow of flame.
The poisoned arrow of flame hits you!
Nessos shoots a poisoned arrow of flame.
The poisoned arrow of flame hits you!
You die...

######## #......#
#......#### #..........
######......###
#....#......########...
#...........((@.....c#
#....###.#.########..#
#..........########.
##...................
#....................
#..#.####.#.#.........
#..#.# #...(.(........
#..#.###)...(#######..
#.....())..((........


You could see Nessos.

Vanquished Creatures
  The ghost of ark the Digger, an experienced TrEE of Ashenzari (D:7)
  Erolcha (D:8)
  Psyche (Orc:1)
  Grinder (D:6)
  4 trolls
  A yak (D:9)
  A shark (D:10)
  Eustachio (Orc:1)
  2 hippogriffs (D:8)
  Grum (D:9)
  2 wyverns (D:10)
  Edmund (D:6)
  Menkaure (D:6)
  A mottled dragon (D:11)
  5 wolves
  A giant goldfish (D:10)
  A phantom (D:5)
  A sky beast (D:7)
  2 ice beasts
  4 orc warriors
  4 ogres
  A crocodile (D:8)
  Sigmund (D:6)
  Duvessa (D:7)
  5 centaurs
  A gnoll sergeant (D:10)
  Blork the orc (D:7)
  2 water moccasins (D:8)
  2 big kobolds
  5 giant frogs
  A wyvern skeleton (D:6)
  2 killer bees (D:5)
  A hippogriff skeleton (D:7)
  A yak skeleton (D:9)
  Dowan (D:7)
  A goliath beetle (D:7)
  4 crimson imps
  7 orc priests
  2 water moccasin zombies
  5 iguanas
  Crazy Yiuf (D:7)
  5 hounds
  A big fish (D:10)
  A jelly (D:8)
  5 worker ants
  A black bear skeleton (D:4)
  9 orc wizards
  2 scorpions (D:10)
  Ijyb (D:4)
  A worker ant zombie (D:5)
  6 adders
  13 gnolls
  2 giant mites (D:5)
  5 worms
  An adder zombie (D:9)
  2 giant eyeballs
  5 giant geckos
  44 orcs
  5 giant cockroaches
  11 goblins
  17 hobgoblins
  12 jackals
  27 kobolds
  2 oozes
  4 quokkas
  2 ball pythons
  17 bats
  A giant newt (D:1)
  A giant spore (D:10)
  A goblin zombie (D:5)
  A hobgoblin zombie (D:9)
  A kobold zombie (D:7)
  An orc skeleton (D:5)
  8 rats
  2 rat skeletons
  2 fungi (D:7)
301 creatures vanquished.

Vanquished Creatures (others)
  4 orcs (Orc:1)
4 creatures vanquished.

Grand Total: 305 creatures vanquished

Notes
Turn   | Place    | Note
--------------------------------------------------------------
     0 | D:1      | Deemzul, the Demonspawn Monk, began the quest for the Orb.
     0 | D:1      | Reached XP level 1. HP: 16/16 MP: 0/0
   188 | D:1      | Reached skill level 4 in Unarmed Combat
   199 | D:1      | Gained mutation: You have sharp fingernails. [demonic ancestry]
   199 | D:1      | Reached XP level 2. HP: 16/22 MP: 1/1
   527 | D:2      | Gained mutation: You are partially covered in rugged brown scales (AC +1, +3% HP). [demonic ancestry]
   527 | D:2      | Reached XP level 3. HP: 12/28 MP: 2/2
  1046 | D:3      | Reached skill level 5 in Unarmed Combat
  1404 | D:4      | Noticed Ijyb
  1424 | D:4      | Killed Ijyb
  1424 | D:4      | Gained mutation: You are mostly covered in rugged brown scales (AC +2, +5% HP). [demonic ancestry]
  1424 | D:4      | Reached XP level 4. HP: 18/35 MP: 3/3
  1995 | D:4      | Found a staircase to the Ecumenical Temple.
  2005 | Temple   | Entered the Ecumenical Temple
  2063 | Temple   | Became a worshipper of Warmaster Okawaru
  2063 | Temple   | Acquired Okawaru's first power
  2185 | D:4      | Gained mutation: You have very sharp fingernails. [demonic ancestry]
  2185 | D:4      | Reached XP level 5. HP: 19/40 MP: 4/4
  2635 | D:4      | Reached skill level 6 in Unarmed Combat
  2830 | D:5      | Entered Level 5 of the Dungeon
  2839 | D:5      | Noticed a centaur
  2850 | D:5      | Killed a centaur
  2850 | D:5      | Gained mutation: You can tolerate rotten meat. [demonic ancestry]
  2850 | D:5      | Reached XP level 6. HP: 25/48 MP: 2/5
  3037 | D:5      | Reached skill level 7 in Unarmed Combat
  3136 | D:5      | Noticed a centaur
  3154 | D:5      | Killed a centaur
  3213 | D:5      | Reached XP level 7. HP: 43/53 MP: 3/6
  3507 | D:5      | Found an ancient bone altar of Kikubaaqudgha.
  3515 | D:5      | Reached skill level 8 in Unarmed Combat
  3712 | D:5      | Noticed a phantom
  3976 | D:5      | Killed a phantom
  4041 | D:6      | Noticed Menkaure
  4049 | D:6      | Killed Menkaure
  4049 | D:6      | Reached skill level 9 in Unarmed Combat
  4054 | D:6      | Gained mutation: When hurt, damage is shared between your health and your magic reserves. [demonic ancestry]
  4054 | D:6      | Reached XP level 8. HP: 23/60 MP: 7/7
  4312 | D:6      | Found a staircase to the Orcish Mines.
  4400 | D:6      | Noticed Sigmund
  4410 | D:6      | Killed Sigmund
  4440 | D:6      | Noticed Grinder
  4459 | D:6      | Killed Grinder
  4459 | D:6      | Reached skill level 10 in Unarmed Combat
  4538 | D:7      | Noticed Duvessa
  4539 | D:7      | Noticed Dowan
  4549 | D:7      | Killed Duvessa
  4577 | D:7      | Killed Dowan
  5081 | D:7      | Noticed Blork the orc
  5094 | D:7      | Reached skill level 11 in Unarmed Combat
  5119 | D:7      | Killed Blork the orc
  5119 | D:7      | Gained mutation: You emit a foul stench, and are resistant to rotting and decay. [demonic ancestry]
  5119 | D:7      | Reached XP level 9. HP: 57/66 MP: 6/8
  5797 | D:8      | Reached skill level 12 in Unarmed Combat
  5870 | D:8      | Paralysed by a giant eyeball for 3 turns
  6101 | D:9      | Found a bloodstained altar of Trog.
  6662 | D:9      | Noticed Grum
  6669 | D:9      | Reached skill level 13 in Unarmed Combat
  6678 | D:9      | Killed Grum
  6740 | D:10     | Entered Level 10 of the Dungeon
  6837 | D:10     | Reached XP level 10. HP: 67/72 MP: 6/9
  6855 | D:10     | Noticed a hill giant
  6856 | D:10     | Found a staircase to the Lair.
  7101 | D:10     | Reached skill level 14 in Unarmed Combat
  7157 | D:10     | Gained mutation: You have a beak for a mouth. [potion of beneficial mutation]
  7163 | D:10     | Identified a scroll of acquirement
  7731 | D:7      | Noticed ark's ghost (experienced TrEE)
  7741 | D:7      | Killed ark's ghost
  7741 | D:7      | Reached skill level 1 in Armour
  8013 | D:6      | Noticed Edmund
  8020 | D:6      | Killed Edmund
  8145 | Orc:1    | Entered Level 1 of the Orcish Mines
  8145 | Orc:1    | Noticed Psyche
  8155 | Orc:1    | Noticed Eustachio
  8167 | Orc:1    | Killed Psyche
  8167 | Orc:1    | Acquired Okawaru's second power
  8175 | Orc:1    | Killed Eustachio
  8353 | D:7      | Noticed Crazy Yiuf
  8360 | D:7      | Killed Crazy Yiuf
  8473 | D:8      | Found a deep blue altar of Sif Muna.
  8780 | D:8      | Noticed Erolcha
  8791 | D:8      | Killed Erolcha
  8791 | D:8      | Reached XP level 11. HP: 60/78 MP: 5/10
  9085 | D:10     | Gained mutation: You cover ground slowly. [potion of mutation]
  9085 | D:10     | Gained mutation: You have a slow metabolism. [potion of mutation]
  9209 | D:11     | Reached skill level 15 in Unarmed Combat
  9380 | D:11     | Noticed Nessos
  9382 | D:11     | Shot with a poisoned arrow of flame by Nessos

Action                   |  1- 3 |  4- 6 |  7- 9 | 10-12 || total
-------------------------+-------+-------+-------+-------++-------
Melee: Unarmed           |   151 |   150 |   349 |   289 ||   939
Invok: Heroism           |       |     3 |    17 |    18 ||    38
Evoke: Wand              |       |       |     4 |     5 ||     9
  Use: Potion            |       |       |     5 |     4 ||     9
       Scroll            |       |       |     6 |    20 ||    26
 Stab: Sleeping          |     1 |     5 |     6 |     2 ||    14
       Invisible         |       |       |       |     9 ||     9
